 Dungeon Crawl Stone Soup version 0.23.1 (webtiles) character file.

Game seed: 17140174094122641145

421663 Kisielow the Skullcrusher (level 22, -1/211 HPs)
             Began as a Minotaur Fighter on Mar 4, 2019.
             Was the Champion of Okawaru.
             Slain by a two-headed ogre
             ... wielding a +0 giant spiked club
              (5 damage)
             ... on level 4 of the Vaults.
             The game lasted 02:22:54 (52373 turns).

Kisielow the Skullcrusher (Minotaur Fighter)       Turns: 52373, Time: 02:22:54

Health: -1/211     AC: 48    Str: 40    XL:     22   Next: 66%
Magic:  35/35      EV: 10    Int: 12    God:    Okawaru [******]
Gold:   4397       SH: 36    Dex: 24    Spells: 21/21 levels left

rFire    + + .     SeeInvis +   M - +7 sceptre of Torment {pain, torment}
rCold    + + .     Gourm    .   l - +2 large shield {reflect}
rNeg     . . .     Faith    .   g - +9 scales of the Dragon King {rPois rF+ rC+ MR+}
rPois    +         Spirit   .   W - +3 hat of the Mutiny {+Inv Str+6}
rElec    .         Reflect  +   q - scarf {rC+ rF+}
rCorr    .         Harm     .   k - +1 pair of gloves {Dex+3}
MR       +....                  F - +2 pair of boots {Fly}
Stlth    ..........             v - +4 amulet of reflection
HPRegen  0.45/turn              a - ring of the Saviour {MP+9 Dex+5 SInv}
MPRegen  0.24/turn              c - ring "Jequn" {rPois Int+9 Dex+4}

@: mighty, about to teleport, vulnerable, heroism, finesse, flying, very
slightly contaminated, constricted, invisible
A: retaliatory headbutt, hooves 2, horns 2, thin metallic scales 1, dopey 1,
magic resistance 1, shaggy fur 1
}: 2/15 runes: decaying, serpentine
a: Heroism, Finesse, Renounce Religion, Stop Flying


You were on level 4 of the Vaults.
You worshipped Okawaru.
Okawaru was exalted by your worship.
You were not hungry.

You visited 8 branches of the dungeon, and saw 40 of its levels.
You also visited: Ossuary and Bailey.

You collected 4397 gold pieces.

Inventory:

Hand Weapons
 K - the +0 demon whip "Vahiamopn" {pain, rN+ MR+ Dex-4 SInv}
   (Okawaru gifted it to you on level 3 of the Vaults)

   In the hands of one skilled in necromantic magic, it inflicts extra damage on
   living creatures.
   It affects your dexterity (-4).
   It protects you from negative energy.
   It affects your resistance to hostile enchantments.
   It lets you see invisible.
 M - the +7 sceptre of Torment (weapon) {pain, torment}
   (Okawaru gifted it to you on level 4 of the Snake Pit)

   In the hands of one skilled in necromantic magic, it inflicts extra damage on
   living creatures.
 P - a +8 demon whip of freezing
Armour
 g - the +9 scales of the Dragon King (worn) {rPois rF+ rC+ MR+}
   (You found it on level 3 of the Snake Pit)

   It protects you from fire.
   It protects you from cold.
   It protects you from poison.
   It affects your resistance to hostile enchantments.
 k - a +1 pair of gloves of dexterity (worn)
 l - a +2 large shield of reflection (worn)
 q - a scarf of resistance (worn)
 F - a +2 pair of boots of flying (worn)
 W - the +3 hat of the Mutiny (worn) {+Inv Str+6}
   (You found it on level 2 of the Elven Halls)

   It affects your strength (+6).
   It lets you turn invisible.
Jewellery
 a - the ring of the Saviour (left hand) {MP+9 Dex+5 SInv}
   (You took it off a deep elf demonologist on level 3 of the Elven Halls)

   [ring of magical power]

   It affects your dexterity (+5).
   It affects your magic capacity (+9).
   It lets you see invisible.
 c - the ring "Jequn" (right hand) {rPois Int+9 Dex+4}
   (You took it off a deep elf death mage on level 2 of the Elven Halls)

   [ring of dexterity]

   It affects your intelligence (+9).
   It affects your dexterity (+4).
   It protects you from poison.
 t - an uncursed ring of magical power {unknown}
 v - a +4 amulet of reflection (around neck)
 R - a cursed ring of protection from magic
 U - a +6 ring of dexterity
 X - an uncursed ring of protection from magic
Wands
 b - a wand of acid (25)
 n - a wand of polymorph (30)
 r - a wand of disintegration (28)
 s - a wand of iceblast (32)
 x - a wand of flame (68)
 y - a wand of digging (2)
 C - a wand of enslavement (11)
 D - a wand of random effects (30)
 G - a wand of scattershot (6)
 J - a wand of paralysis (34)
Scrolls
 h - 10 scrolls of teleportation
 i - 20 scrolls of remove curse
 p - 5 scrolls of magic mapping
 u - 3 scrolls of fear
 E - a scroll of silence
 H - 3 scrolls of blinking
 L - 3 scrolls of identify
 S - 2 scrolls of fog
Potions
 e - 6 potions of curing
 m - 6 potions of cancellation
 o - 7 potions of flight
 w - a potion of invisibility
 z - a potion of agility
 A - a potion of haste
 B - 5 potions of brilliance
 Q - 3 potions of ambrosia
 T - 6 potions of magic
 V - 2 potions of mutation
Comestibles
 f - 77 rations


   Skills:
 + Level 20.7(25.7) Fighting
 O Level 27 Maces & Flails
 + Level 20.8(25.8) Armour
 + Level 20.7(25.7) Shields
 - Level 7.0 Invocations
 - Level 7.0 Evocations


You had 21 spell levels left.
You didn't know any spells.
Your spell library contained the following spells:

 Spells                   Type           Power        Failure   Level  Hunger
 Apportation              Tloc           #.....       77%         1    ##.....
 Beastly Appendage        Tmut           #.....       77%         1    ##.....
 Confusing Touch          Hex            #.....       77%         1    ##.....
 Corona                   Hex            #......      77%         1    ##.....
 Flame Tongue             Conj/Fire      #....        77%         1    ##.....
 Magic Dart               Conj           #...         77%         1    ##.....
 Sandblast                Erth           #.....       77%         1    ##.....
 Sting                    Conj/Pois      #...         77%         1    ##.....
 Summon Butterflies       Summ           #.......     77%         1    ##.....
 Summon Small Mammal      Summ           #...         77%         1    ##.....
 Ensorcelled Hibernation  Hex/Ice        #.....       88%         2    ###....
 Passwall                 Tmut/Erth      #.......     88%         2    ###....
 Poisonous Vapours        Pois/Air       #.....       88%         2    ###....
 Searing Ray              Conj           #.....       88%         2    ###....
 Sticks to Snakes         Tmut           #.......     88%         2    ###....
 Sublimation of Blood     Necr           #.........   88%         2    ###....
 Confuse                  Hex            #.......     98%         3    ####...
 Dazzling Spray           Conj/Hex       #.....       98%         3    ####...
 Gell's Gravitas          Tloc           #.........   98%         3    ####...
 Ignite Poison            Fire/Tmut/Pois #.......     98%         3    ####...
 Inner Flame              Hex/Fire       #.......     98%         3    ####...
 Mephitic Cloud           Conj/Pois/Air  #.......     98%         3    ####...
 Spectral Weapon          Hex/Chrm       #.......     98%         3    ####...
 Spider Form              Tmut/Pois      #.........   98%         3    ####...
 Stone Arrow              Conj/Erth      #.....       98%         3    ####...
 Summon Guardian Golem    Hex/Summ       #.......     98%         3    ####...
 Teleport Other           Tloc           #.......     98%         3    ####...
 Tukima's Dance           Hex            #.......     98%         3    ####...
 Cause Fear               Hex            #.........   100%        4    #####..
 Force Lance              Conj/Tloc      #.......     100%        4    #####..
 Fulminant Prism          Conj/Hex       #.........   100%        4    #####..
 Ice Form                 Ice/Tmut       #.......     100%        4    #####..
 Iskenderun's Mystic Bla  Conj           #.......     100%        4    #####..
 Olgreb's Toxic Radiance  Pois           #.......     100%        4    #####..
 Passage of Golubria      Tloc           N/A          100%        4    #####..
 Petrify                  Tmut/Erth      #.......     100%        4    #####..
 Summon Lightning Spire   Summ/Air       #.......     100%        4    #####..
 Alistair's Intoxication  Tmut/Pois      #.......     100%        5    ######.
 Blade Hands              Tmut           #.........   100%        5    ######.
 Irradiate                Conj/Tmut      #.........   100%        5    ######.
 Lee's Rapid Deconstruct  Erth           #.........   100%        5    ######.
 Metabolic Englaciation   Hex/Ice        #.........   100%        5    ######.
 Silence                  Hex/Air        #.........   100%        5    ######.
 Venom Bolt               Conj/Pois      #.........   100%        5    ######.
 Yara's Violent Unravell  Hex/Tmut       #.........   100%        5    ######.
 Bolt of Cold             Conj/Ice       #.........   100%        6    #######
 Bolt of Fire             Conj/Fire      #.........   100%        6    #######
 Conjure Ball Lightning   Conj/Air       #.........   100%        6    #######
 Deflect Missiles         Chrm/Air       #.........   100%        6    #######
 Freezing Cloud           Conj/Ice/Air   #.........   100%        6    #######
 Ozocubu's Refrigeration  Ice            #.........   100%        6    #######
 Simulacrum               Ice/Necr       #.........   100%        6    #######
 Dragon Form              Tmut           #.........   100%        7    #######
 Haunt                    Necr/Summ      #.........   100%        7    #######
 Malign Gateway           Summ/Tloc      #.........   100%        7    #######
 Ring of Flames           Chrm/Fire      #.........   100%        7    #######
 Borgnjor's Revivificati  Necr           #.........   100%        8    #######
 Controlled Blink         Tloc           N/A          100%        8    #######
 Death's Door             Chrm/Necr      #.........   100%        8    #######
 Infestation              Necr           #.........   100%        8    #######
 Necromutation            Tmut/Necr      #.........   100%        8    #######
 Dragon's Call            Summ           #.........   100%        9    #######
 Tornado                  Air            #.........   100%        9    #######


Dungeon Overview and Level Annotations

Branches:
Dungeon (15/15)            Temple (1/1) D:7            Lair (6/6) D:8
  Swamp (4/4) Lair:4        Snake (4/4) Lair:3        Slime (0/5) Lair:6
    Orc (2/2) D:10            Elf (3/3) Orc:2        Vaults (5/5) D:13
  Crypt (0/3) Vaults:2     Depths (0/5) D:15

Altars:
Ashenzari
Cheibriados
Dithmenos
Elyvilon
Fedhas
Gozag
Hepliaklqana
Kikubaaqudgha
Makhleb
Nemelex Xobeh
Okawaru
Qazlal
Ru
Sif Muna
Trog
Uskayaw
Vehumet
Wu Jian
Xom
Yredelemnul
Zin
The Shining One
Beogh
Jiyva

Shops:
D:9 (   D:15 !   Orc:1 (   Orc:2 [(*[   Elf:3 =   Snake:2 !   Vaults:4 ?

Portals:
Hell: Lair:6


Innate Abilities, Weirdness & Mutations

You reflexively headbutt those who attack you in melee.
You have a pair of horns on your head.
You have hoof-like feet.
You are partially covered in thin metallic scales. (AC +2)
You are dopey. (Int -2)
You are resistant to hostile enchantments. (MR+)
You are covered in fur. (AC +1)


Message History

You kill the deep elf sorcerer!
Okawaru accepts your kill.
As you read the scroll of teleportation, it crumbles to dust.
You feel strangely unstable.
You block the two-headed ogre's attack. x2
The tentacled monstrosity tentacle-slaps you but does no damage.
You block the tentacled monstrosity's attack.
The tentacled monstrosity tentacle-slaps you but does no damage.
The tentacled monstrosity grabs you.
The tentacled monstrosity constricts you.
The phantasmal warrior blinks! x3
Unknown command.
You puncture the phantasmal warrior! You headbutt the phantasmal warrior!
The phantasmal warrior is heavily damaged.
The tentacled monstrosity tentacle-slaps you but does no damage.
You block the tentacled monstrosity's attack. x2
* * * LOW HITPOINT WARNING * * *
The tentacled monstrosity constricts you!
The phantasmal warrior blinks!
You block the two-headed ogre's attack.
The two-headed ogre hits you with a cursed +0 giant spiked club.
You die...

######'######...............
#........'...............
#........#...............
#........#......)........
#........#...............
#........#######'########
#........# ##...##
########'###### ##.)...##
#......#..§WW@# ##..)))..##
#......#..§.OX#
##..#####..##
#..##..#.W##wH#
#...#...#...#
#..##..#..##..#
#...#...'...#
#......#......#
#...#...#...##
#......'......#
##..#####..##.
######'#'######
##.......###.
#.....)'..)...# ##.....## #.
#......#.))...# ##...## #.


You could see a tentacled monstrosity, a sphinx, a two-headed ogre, 3 phantasmal
warriors and a swamp worm shaped shifter (wandering).

Vanquished Creatures
  Mennas (Vaults:3)
  A golden dragon (Vaults:5)
  The ghost of HilariousDeathArtist the Champion of Chaos, an adept CeWn of Makhleb (Vaults:3)
  Jorgrun (Orc:1)
  2 tentacled monstrosities
  The ghost of Peloso the Hoplite, an adept MiFi of Okawaru (Snake:3)
  A quicksilver dragon (Vaults:5)
  Rupert (D:13)
  Asterion (Snake:4)
  2 deep elf blademasters (Elf:3)
  Gastronok (D:8)
  6 thorn hunters
  2 shadow dragons
  Roxanne (Elf:2)
  2 storm dragons (Vaults:5)
  10 nagarajas
  15 vault wardens
  A tengu reaver (Vaults:5)
  2 frost giants
  3 deep elf sorcerers
  4 fire giants
  Louise (Elf:2)
  An iron dragon (Vaults:5)
  3 orc warlords
  Aizul (Swamp:3)
  7 deep elf elementalists
  10 stone giants
  3 entropy weavers
  4 very ugly things (Vaults:5)
  3 war gargoyles
  8 ironheart preservers
  Nessos (D:13)
  A dire elephant (Lair:6)
  10 deep elf demonologists
  Azrael (D:15)
  8 deep elf annihilators
  6 ettins
  11 deep elf death magi
  4 fire dragons
  Josephine (D:15)
  10 yaktaur captains
  3 deep elf high priests
  Harold (Lair:2)
  13 naga warriors
  2 great orbs of eyes
  The ghost of Thargor the Victor of a Thousand Battles, a journeyman DsGl of Okawaru (D:12)
  3 ghost crabs
  4 ice dragons
  35 vault guards
  5 alligators
  33 hydras
  4 shambling mangroves
  3 ogre magi
  5 centaur warriors
  12 anacondas
  17 two-headed ogres
  3 death knights
  6 death yaks
  16 dancing weapons
  4 orc high priests (Orc:2)
  14 naga sharpshooters
  14 shock serpents
  15 deep elf knights
  Urug (D:13)
  Nergalle (D:10)
  A hell knight (Vaults:4)
  A spriggan druid (Swamp:4)
  6 salamander mystics
  20 slime creatures
  A sixfirhy (Lair:6)
  4 skeletal warriors
  An orange crystal statue (D:10)
  A deep troll (Vaults:4)
  2 flayed ghosts
  An unseen horror (Vaults:1)
  An unseen horror (shapeshifter) (Vaults:4)
  12 swamp dragons
  The ghost of lextramoth the Ruffian, a novice TrMo of Ru (D:7)
  13 ironbrand convokers
  7 wizards
  4 phantasmal warriors
  10 orc knights
  8 naga ritualists
  4 deep elf archers
  2 necromancers
  5 lindwurms
  11 mana vipers
  14 salamanders
  5 orc sorcerers
  50 deep elf magi
  6 cyclopes
  39 ugly things
  An elephant (shapeshifter) (Elf:3)
  5 wolf spiders
  2 manticores
  8 guardian serpents
  31 black mambas
  25 naga magi
  An elephant (Lair:6)
  13 vault sentinels
  Psyche (D:8)
  4 molten gargoyles (D:11)
  Joseph (D:7)
  2 gargoyles
  A torpor snail (Lair:6)
  A black mamba (shapeshifter) (Vaults:4)
  2 spiny frogs (shapeshifter)
  22 spiny frogs
  6 komodo dragons
  2 efreet
  An orange demon (Lair:6)
  A rime drake (Lair:6)
  24 yaktaurs
  A queen bee (D:9)
  A hellwing (Lair:6)
  6 freezing wraiths
  2 red devils (Lair:6)
  10 trolls
  A wandering mushroom (Lair:5)
  A jumping spider (Vaults:4)
  2 ice devils (Lair:6)
  A wind drake (shapeshifter) (Elf:2)
  A troll (shapeshifter) (Vaults:3)
  12 tyrant leeches
  A meliai (shapeshifter) (Vaults:4)
  20 hornets
  10 bog bodies
  A harpy skeleton (D:15)
  23 blink frogs
  2 polar bears
  Grinder (D:3)
  10 dream sheep
  2 hippogriffs
  2 human simulacra (Vaults:4)
  A frost giant simulacrum (Vaults:4)
  A tarantella (Vaults:4)
  3 redbacks
  A tarantella (shapeshifter) (Vaults:1)
  14 spriggans
  A shadow (Swamp:4)
  A wyvern (D:12)
  6 wraiths
  5 fire elementals
  4 air elementals
  16 humans (D:13)
  3 water elementals (Elf:2)
  52 yaks
  5 hogs (D:14)
  2 basilisks
  A yaktaur simulacrum (Vaults:4)
  3 hungry ghosts
  3 steam dragons
  Menkaure (D:6)
  16 vampire mosquitoes
  5 wargs
  13 swamp worms
  11 insubstantial wisps
  8 hell hounds
  47 nagas
  21 water moccasins
  3 acid dragons
  9 porcupines
  5 sky beasts
  An ettin simulacrum (Vaults:3)
  49 orc warriors
  19 swamp drakes
  2 ice beasts
  3 black bears
  27 ogres
  An elf zombie (Vaults:3)
  4 phantoms
  A tengu (shapeshifter) (Vaults:4)
  2 necrophages
  11 boggarts (Vaults:3)
  26 wolves
  19 centaurs
  A big kobold (D:9)
  15 crocodiles
  2 human zombies
  18 bullfrogs
  An earth elemental (Elf:1)
  A wyvern skeleton (D:12)
  6 scorpions
  29 killer bees
  An orc simulacrum (Vaults:2)
  8 wights
  3 howler monkeys
  2 crimson imps
  4 bullfrog zombies
  5 centaur zombies
  8 hounds
  2 quasits
  12 jellies
  A gnoll shaman (D:5)
  35 orc priests
  Jessica (D:2)
  3 bullfrog skeletons
  4 centaur skeletons
  2 iguanas
  Terence (D:2)
  32 orc wizards
  9 worker ants
  A killer bee zombie (D:6)
  A hound zombie (D:7)
  2 hound skeletons
  8 mummies (Ossuary)
  Robin (D:2)
  19 gnolls
  A howler monkey skeleton (D:6)
  27 adders
  A shadow imp (D:6)
  8 oozes
  2 adder zombies
  3 adder skeletons
  5 worms
  5 leopard geckos
  127 orcs
  4 ball pythons
  5 giant cockroaches
  3 gnoll zombies (Ossuary)
  17 hobgoblins
  9 jackals
  22 kobolds
  2 quokkas
  5 bats
  5 frilled lizards
  15 goblins
  3 hobgoblin zombies (Ossuary)
  3 leopard gecko skeletons
  2 orc zombies (Ossuary)
  15 rats
  3 briar patches
  2 bushes (D:3)
  4 crawling corpses (Elf:3)
  A fungus (Lair:6)
  A plant (Lair:3)
1826 creatures vanquished.

Vanquished Creatures (collateral kills)
  A deep elf sorcerer (Vaults:4)
  2 blink frogs (Lair:6)
3 creatures vanquished.

Vanquished Creatures (others)
  A titan (Vaults:5)
  2 deep elf master archers (Elf:3)
  A sphinx (Vaults:5)
  A tengu reaver (Vaults:4)
  Kirke (D:14)
  A vault warden (Vaults:5)
  3 stone giants
  4 yaktaur captains
  A vault guard (Vaults:5)
  A naga warrior (Snake:4)
  A centaur warrior (D:15)
  A dancing weapon (Elf:2)
  A deep elf knight (Vaults:3)
  A vault sentinel (Vaults:1)
  A spiny frog (Swamp:3)
  11 yaktaurs
  2 hornets
  A spriggan (Swamp:3)
  A basilisk (Lair:4)
  A warg (Vaults:5)
  2 nagas
  3 insubstantial wisps (Swamp:1)
  An ogre (Vaults:5)
  6 centaurs
  A wight (D:14)
  An orc priest (Vaults:5)
  An orc wizard (Vaults:5)
  An orc (Vaults:3)
  2 hobgoblins (Bailey)
  2 kobolds (Bailey)
  11 briar patches (Swamp:4)
  18 fungi
  14 plants
100 creatures vanquished.

Grand Total: 1929 creatures vanquished

Notes
Turn   | Place    | Note
-------+----------+-------------------------------------------
     0 | D:1      | Kisielow the Minotaur Fighter began the quest for the Orb.
     0 | D:1      | Reached XP level 1. HP: 19/19 MP: 0/0
     2 | D:1      | Found a runed translucent door.
     2 | D:1      | Noticed a jelly
    11 | D:1      | Reached skill level 3 in Maces & Flails
    13 | D:1      | Reached XP level 2. HP: 26/26 MP: 1/1
    24 | D:1      | Reached skill level 4 in Maces & Flails
    27 | D:1      | Reached XP level 3. HP: 29/31 MP: 2/2
    29 | D:1      | Reached skill level 5 in Maces & Flails
   395 | D:1      | Reached XP level 4. HP: 34/39 MP: 3/3
  1303 | D:2      | Noticed Jessica
  1309 | D:2      | Killed Jessica
  1309 | D:2      | Reached XP level 5. HP: 35/46 MP: 4/4
  1439 | D:2      | Noticed Terence
  1448 | D:2      | Killed Terence
  1448 | D:2      | Reached skill level 6 in Maces & Flails
  1465 | D:2      | Noticed Robin
  1470 | D:2      | Killed Robin
  1639 | D:3      | Noticed Grinder
  1650 | D:3      | Killed Grinder
  1650 | D:3      | Reached XP level 6. HP: 16/53 MP: 5/5
  1993 | D:3      | Reached skill level 7 in Maces & Flails
  2729 | D:4      | Reached skill level 5 in Armour
  2729 | D:4      | Reached skill level 5 in Shields
  2729 | D:4      | Reached XP level 7. HP: 33/60 MP: 6/6
  2735 | D:4      | Reached skill level 5 in Fighting
  3367 | D:4      | Found a radiant altar of Vehumet.
  3432 | D:4      | Noticed a moth of wrath
  3453 | D:4      | Found a bloodstained altar of Trog.
  3513 | D:4      | Got a translucent mace
  3523 | D:4      | Identified the +2 mace "Gubbomaas" {crush, rElec Int+4}
                  | (You found it on level 4 of the Dungeon)
  4161 | D:5      | Entered Level 5 of the Dungeon
  4180 | D:5      | Reached skill level 8 in Maces & Flails
  4472 | D:5      | Reached XP level 8. HP: 69/70 MP: 7/7
  4968 | D:5      | Found a shadowy altar of Dithmenos.
  5277 | D:6      | Reached skill level 9 in Maces & Flails
  5361 | D:6      | Found a sand-covered staircase.
  5372 | Ossuary  | Entered an ossuary
  5726 | D:6      | Noticed Menkaure
  5732 | D:6      | Killed Menkaure
  6164 | D:6      | Reached XP level 9. HP: 65/78 MP: 8/8
  6324 | D:6      | Reached skill level 10 in Maces & Flails
  6584 | D:7      | Identified a scroll of acquirement
  6587 | D:7      | Got a faintly glowing crystal plate armour
  6598 | D:7      | Identified the +2 crystal plate armour of Hangman {-Cast
                  | Int+4 SInv} (You acquired it on level 7 of the Dungeon)
  6828 | D:7      | Noticed Joseph
  6884 | D:7      | Killed Joseph
  6884 | D:7      | Reached skill level 11 in Maces & Flails
  6923 | D:7      | Found a runed translucent door.
  6924 | D:7      | Noticed lextramoth's ghost (novice TrMo)
  7309 | D:7      | Found a staircase to the Ecumenical Temple.
  7326 | Temple   | Entered the Ecumenical Temple
  7450 | Temple   | Became a worshipper of Warmaster Okawaru
  7604 | D:7      | Killed lextramoth's ghost
  7604 | D:7      | Reached XP level 10. HP: 81/89 MP: 9/9
  7685 | D:8      | Noticed Gastronok
  7702 | D:8      | Killed Gastronok
  7702 | D:8      | Reached * piety under Okawaru
  7702 | D:8      | Reached skill level 12 in Maces & Flails
  7716 | D:8      | Found a sparkling altar of Nemelex Xobeh.
  7861 | D:8      | Reached ** piety under Okawaru
  8319 | D:8      | Found a staircase to the Lair.
  8359 | D:8      | Noticed Psyche
  8368 | D:8      | Killed Psyche
  8418 | D:8      | Reached skill level 13 in Maces & Flails
  8463 | Lair:1   | Entered Level 1 of the Lair of Beasts
  8545 | Lair:1   | Reached skill level 1 in Invocations
  8551 | Lair:1   | Reached *** piety under Okawaru
  8551 | Lair:1   | Reached skill level 1 in Evocations
  8551 | Lair:1   | Reached XP level 11. HP: 82/97 MP: 10/10
  8961 | Lair:1   | Got a translucent falchion
  8962 | Lair:1   | Identified the +6 falchion of Indomitability {protect, rC+}
                  | (You found it on level 1 of the Lair of Beasts)
  9037 | Lair:1   | Reached **** piety under Okawaru
  9647 | Lair:1   | Found an ancient bone altar of Kikubaaqudgha.
  9869 | Lair:2   | Noticed an eight-headed hydra
  9885 | Lair:2   | Killed an eight-headed hydra
  9885 | Lair:2   | Reached skill level 5 in Invocations
 10114 | Lair:2   | Reached skill level 5 in Evocations
 10233 | Lair:2   | Reached ***** piety under Okawaru
 10257 | Lair:2   | Noticed Harold
 10277 | Lair:2   | Killed Harold
 10395 | Lair:2   | Noticed a seven-headed hydra
 10398 | Lair:2   | Noticed a seven-headed hydra
 10400 | Lair:2   | Killed a seven-headed hydra
 10409 | Lair:2   | Killed a seven-headed hydra
 10561 | Lair:2   | Noticed Sonja
 10600 | Lair:2   | Noticed Sonja
 10600 | Lair:2   | Sonja changed into Sonja the orb spider
 10645 | Lair:2   | Noticed Sonja
 10645 | Lair:2   | Sonja the orb spider changed into Sonja the water moccasin
 10652 | Lair:2   | Killed Sonja the water moccasin
 10658 | Lair:2   | Received a gift from Okawaru
 10661 | Lair:2   | Got a transparent plate armour {god gift}
 10672 | Lair:2   | Identified the +1 plate armour "Atweuw" {rElec Str+5}
                  | (Okawaru gifted it to you on level 2 of the Lair of Beasts)
 11484 | Lair:3   | Found a staircase to the Snake Pit.
 11501 | Lair:3   | Reached XP level 12. HP: 101/105 MP: 16/16
 12268 | Lair:3   | Found a blossoming altar of Fedhas.
 12296 | Lair:3   | Noticed a thorn hunter
 12296 | Lair:3   | an oklob plant changed into a thorn hunter
 12316 | Lair:3   | Killed a thorn hunter
 12316 | Lair:3   | Reached skill level 10 in Fighting
 12316 | Lair:3   | Reached skill level 10 in Armour
 12316 | Lair:3   | Reached skill level 10 in Shields
 12931 | Lair:4   | Noticed a death yak
 12931 | Lair:4   | Noticed a death yak
 12931 | Lair:4   | Noticed a death yak
 12931 | Lair:4   | Noticed a death yak
 12931 | Lair:4   | Noticed a death yak
 12947 | Lair:4   | Killed a death yak
 12955 | Lair:4   | Killed a death yak
 12964 | Lair:4   | Killed a death yak
 12964 | Lair:4   | Reached skill level 14 in Maces & Flails
 12983 | Lair:4   | Killed a death yak
 12987 | Lair:4   | Killed a death yak
 13550 | Lair:4   | Got a warped morningstar
 13551 | Lair:4   | Identified the +8 morningstar "Moh Tuo" {crush, *Contam
                  | rPois Dex+4 Stlth+} (You found it on level 4 of the Lair of
                  | Beasts)
 13626 | Lair:4   | Noticed a five-headed hydra
 13643 | Lair:4   | Killed a five-headed hydra
 13650 | Lair:4   | Received a gift from Okawaru
 13657 | Lair:4   | Reached ****** piety under Okawaru
 13727 | Lair:4   | Reached XP level 13. HP: 114/115 MP: 17/17
 13771 | Lair:4   | Found a staircase to the Swamp.
 13791 | Lair:4   | Received a gift from Okawaru
 13796 | Lair:4   | Got a twisted dire flail {god gift}
 14369 | Lair:5   | Reached skill level 15 in Maces & Flails
 15221 | Lair:6   | Entered Level 6 of the Lair of Beasts
 15554 | Lair:5   | Received a gift from Okawaru
 16430 | Lair:6   | Reached skill level 16 in Maces & Flails
 16525 | Lair:6   | Received a gift from Okawaru
 16528 | Lair:6   | Got a steaming dire flail {god gift}
 16698 | Lair:6   | Identified the +8 dire flail of the Final Decision {freeze,
                  | *Slow +Blink rC+ Dex+3 SInv} (Okawaru gifted it to you on
                  | level 4 of the Lair of Beasts)
 16861 | Lair:6   | Reached XP level 14. HP: 94/126 MP: 18/18
 17380 | Lair:6   | Found a burning altar of Makhleb.
 17398 | Lair:6   | Received a gift from Okawaru
 17431 | Lair:6   | Got a steaming hat {god gift}
 17442 | Lair:6   | Identified the +1 hat of Broken Taboos {Str+3} (Okawaru
                  | gifted it to you on level 6 of the Lair of Beasts)
 17873 | Lair:6   | Found a gateway to Hell.
 18211 | Lair:6   | Found a runed translucent door.
 18211 | Lair:6   | Found a viscous altar of Jiyva.
 18215 | Lair:6   | Found a staircase to the Slime Pits.
 19276 | D:9      | Found a shattered altar of Ashenzari.
 19347 | D:9      | Reached skill level 17 in Maces & Flails
 19543 | D:9      | Found a deep blue altar of Sif Muna.
 19645 | D:9      | Found Ujeto's Weapon Shop.
 19723 | D:10     | Entered Level 10 of the Dungeon
 19723 | D:10     | Found a runed translucent door.
 19737 | D:10     | Found a staircase to the Orcish Mines.
 19812 | D:10     | Noticed Nergalle
 19819 | D:10     | Killed Nergalle
 20020 | D:10     | Found a runed translucent door.
 20037 | D:10     | Found a runed translucent door.
 20050 | D:10     | Found a runed translucent door.
 20483 | D:10     | You fall through a shaft for 2 floors!
 20533 | D:12     | You fall through a shaft!
 20629 | D:13     | Noticed Rupert
 20631 | D:13     | Noticed Nessos
 20635 | D:13     | Killed Nessos
 20651 | D:13     | Killed Rupert
 20826 | D:13     | Noticed Urug
 20839 | D:13     | Killed Urug
 20839 | D:13     | Received a gift from Okawaru
 20963 | D:13     | Found a gate to the Vaults.
 21422 | D:10     | Got an encrusted whip
 21435 | D:10     | Identified the +6 dire flail "Lohuat Otiof" {speed, +Fly
                  | Str+3 Dex-3} (Okawaru gifted it to you on level 6 of the
                  | Lair of Beasts)
 21436 | D:10     | Identified the +10 whip of Loyn {distort, Str+2} (You found
                  | it on level 10 of the Dungeon)
 21449 | D:10     | Gained mutation: Potions are less effective at restoring
                  | your health. [mutagenic glow]
 22057 | D:11     | Reached skill level 18 in Maces & Flails
 22087 | D:11     | Received a gift from Okawaru
 22099 | D:11     | Reached XP level 15. HP: 128/136 MP: 19/19
 22883 | D:12     | Noticed Thargor's ghost (journeyman DsGl)
 22884 | D:12     | Found a runed translucent gate.
 22884 | D:12     | Found a runed translucent gate.
 22884 | D:12     | Noticed a frost giant
 22955 | D:12     | Found a runed translucent gate.
 23012 | D:12     | Killed Thargor's ghost
 23037 | D:12     | Killed a frost giant
 23649 | D:14     | You fall through a shaft!
 23649 | D:15     | Entered Level 15 of the Dungeon
 23685 | D:15     | Noticed Josephine
 23693 | D:15     | Received a gift from Okawaru
 23703 | D:15     | Killed Josephine
 23833 | D:14     | Found a flagged portal.
 23850 | Bailey   | Entered a bailey
 24526 | D:14     | Noticed Kirke
 24550 | D:14     | Killed Kirke
 24668 | D:14     | Reached skill level 19 in Maces & Flails
 25202 | D:15     | Found a staircase to the Depths.
 25501 | D:15     | Noticed Azrael
 25509 | D:15     | Killed Azrael
 26072 | D:15     | Found Zaickual's Distillery.
 26613 | Lair:1   | Lost mutation: Potions are less effective at restoring your
                  | health. [potion of mutation]
 26613 | Lair:1   | Gained mutation: You are dopey. (Int -2) [potion of
                  | mutation]
 26613 | Lair:1   | Gained mutation: You are covered in fur. (AC +1) [potion of
                  | mutation]
 26613 | Lair:1   | Gained mutation: You have very sharp teeth. [potion of
                  | mutation]
 26613 | Lair:1   | Gained mutation: You passively map a small area around you.
                  | [potion of mutation]
 26614 | Lair:1   | Lost mutation: You passively map a small area around you.
                  | [potion of mutation]
 26614 | Lair:1   | Lost mutation: You have very sharp teeth. [potion of
                  | mutation]
 26614 | Lair:1   | Gained mutation: You are resistant to electric shocks.
                  | (rElec) [potion of mutation]
 26614 | Lair:1   | Gained mutation: Your muscles are strong. (Str +2) [potion
                  | of mutation]
 26615 | Lair:1   | Lost mutation: You are dopey. (Int -2) [potion of mutation]
 26615 | Lair:1   | Lost mutation: You are covered in fur. (AC +1) [potion of
                  | mutation]
 26615 | Lair:1   | Lost mutation: You are resistant to electric shocks.
                  | (rElec) [potion of mutation]
 26615 | Lair:1   | Gained mutation: You are somewhat resistant to further
                  | mutation. [potion of mutation]
 26616 | Lair:1   | Lost mutation: Your muscles are strong. (Str +2) [potion of
                  | mutation]
 26616 | Lair:1   | Lost mutation: You are somewhat resistant to further
                  | mutation. [potion of mutation]
 26616 | Lair:1   | Gained mutation: You expend magic power (3 MP) to
                  | strengthen your wands. [potion of mutation]
 26616 | Lair:1   | Gained mutation: Armour fits poorly on your strangely
                  | shaped body. [potion of mutation]
 26616 | Lair:1   | Gained mutation: Your movements are slightly less
                  | encumbered by armour. (ER -2) [potion of mutation]
 26616 | Lair:1   | Gained mutation: Your natural rate of healing is unusually
                  | fast. [potion of mutation]
 26617 | Lair:1   | Lost mutation: You expend magic power (3 MP) to strengthen
                  | your wands. [potion of mutation]
 26617 | Lair:1   | Lost mutation: Armour fits poorly on your strangely shaped
                  | body. [potion of mutation]
 26617 | Lair:1   | Lost mutation: Your movements are slightly less encumbered
                  | by armour. (ER -2) [potion of mutation]
 26617 | Lair:1   | Gained mutation: You are partially covered in thin metallic
                  | scales. (AC +2) [potion of mutation]
 26617 | Lair:1   | Gained mutation: You are dopey. (Int -2) [potion of
                  | mutation]
 26617 | Lair:1   | Gained mutation: You are frail. (-10% HP) [potion of
                  | mutation]
 26617 | Lair:1   | Gained mutation: You have supernaturally acute eyesight.
                  | (SInv) [potion of mutation]
 26618 | Lair:1   | Lost mutation: You are frail. (-10% HP) [potion of
                  | mutation]
 26618 | Lair:1   | Lost mutation: You have supernaturally acute eyesight.
                  | (SInv) [potion of mutation]
 26618 | Lair:1   | Lost mutation: Your natural rate of healing is unusually
                  | fast. [potion of mutation]
 26618 | Lair:1   | Gained mutation: You are resistant to hostile enchantments.
                  | (MR+) [potion of mutation]
 26618 | Lair:1   | Gained mutation: You are covered in fur. (AC +1) [potion of
                  | mutation]
 26618 | Lair:1   | Gained mutation: Your flesh is heat resistant. (rF+)
                  | [potion of mutation]
 26705 | Orc:1    | Entered Level 1 of the Orcish Mines
 26705 | Orc:1    | Noticed Jorgrun
 26720 | Orc:1    | Killed Jorgrun
 26720 | Orc:1    | Received a gift from Okawaru
 26785 | Orc:1    | Reached XP level 16. HP: 130/147 MP: 20/20
 27026 | Orc:1    | Found Alint's Weapon Emporium.
 27163 | Orc:2    | Entered Level 2 of the Orcish Mines
 27394 | Orc:2    | Found a roughly hewn altar of Beogh.
 27573 | Orc:2    | Found Abluaraz's Antique Armour Boutique.
 27601 | Orc:2    | Found Xetian's Assorted Antiques.
 28271 | Orc:2    | Found a staircase to the Elven Halls.
 28643 | Orc:2    | Gained mutation: Scrolls take you a little longer to read.
                  | [a neqoxec]
 28645 | Orc:2    | Found Yfitaonk's Armour Emporium.
 28691 | Orc:2    | Reached skill level 20 in Maces & Flails
 28709 | Orc:2    | Found a roughly hewn altar of Beogh.
 28725 | Orc:2    | Found Uciesab's Antique Weapon Boutique.
 29030 | Elf:1    | Entered Level 1 of the Elven Halls
 29239 | Elf:1    | Reached skill level 15 in Fighting
 29239 | Elf:1    | Reached skill level 15 in Shields
 29247 | Elf:1    | Reached skill level 15 in Armour
 29279 | Elf:1    | Received a gift from Okawaru
 29811 | Elf:1    | Noticed a Hell Sentinel
 30135 | Elf:1    | Identified Mnoleg's Tome of Calling
 30420 | Elf:2    | Got a transparent hat
 30431 | Elf:2    | Identified the +3 hat of the Mutiny {+Inv Str+6} (You found
                  | it on level 2 of the Elven Halls)
 30596 | Elf:2    | Noticed Roxanne
 30624 | Elf:2    | Killed Roxanne
 31092 | Elf:2    | Found a huge runed translucent gate.
 31092 | Elf:2    | Found a huge runed translucent gate.
 31097 | Elf:2    | Found a huge runed translucent gate.
 31098 | Elf:2    | Found a huge runed translucent gate.
 31098 | Elf:2    | Found a huge runed translucent gate.
 31144 | Elf:2    | Received a gift from Okawaru
 31173 | Elf:2    | Reached XP level 17. HP: 148/156 MP: 21/21
 31198 | Elf:2    | Noticed Louise
 31215 | Elf:2    | Killed Louise
 31385 | Elf:2    | Reached skill level 21 in Maces & Flails
 31581 | Elf:3    | Entered Level 3 of the Elven Halls
 31598 | Elf:3    | Noticed a deep elf master archer
 31606 | Elf:3    | Noticed a deep elf blademaster
 31607 | Elf:3    | Noticed a Hell Sentinel
 31608 | Elf:3    | Killed a deep elf master archer
 31614 | Elf:3    | Noticed a deep elf blademaster
 31622 | Elf:3    | Received a gift from Okawaru
 31630 | Elf:3    | Noticed a Hell Sentinel
 31643 | Elf:3    | Identified the ring "Jequn" {rPois Int+9 Dex+4}
 31651 | Elf:3    | Noticed a Brimstone Fiend
 31654 | Elf:3    | Identified the +5 scythe of Nemoheb {elec, rF+ rC+ MR+}
 31655 | Elf:3    | Noticed a deep elf master archer
 31659 | Elf:3    | Killed a deep elf blademaster
 31668 | Elf:3    | Noticed a Tzitzimitl
 31669 | Elf:3    | Killed a deep elf blademaster
 31680 | Elf:3    | Noticed a Brimstone Fiend
 32088 | Elf:3    | Killed a ghostly deep elf blademaster
 32277 | Elf:3    | Noticed an Ice Fiend
 32494 | Elf:2    | Noticed a Tzitzimitl
 32856 | Elf:3    | Noticed a Brimstone Fiend
 33669 | Elf:3    | Received a gift from Okawaru
 33694 | Elf:3    | Identified a +1 pair of boots of running (Okawaru gifted it
                  | to you on level 3 of the Elven Halls)
 33853 | Elf:3    | Identified the ring of the Saviour {MP+9 Dex+5 SInv}
 34167 | Elf:3    | Identified the +6 chain mail "Hugeost" {-Cast +Inv rElec
                  | Str-3}
 34167 | Elf:3    | Identified the ring of Zihebeo {Fire rPois Int+3}
 34229 | Elf:3    | Killed a deep elf master archer
 34234 | Elf:3    | Identified the +8 falchion "Ecig" {protect, *Contam MR+
                  | SInv}
 34237 | Elf:3    | Identified the +4 mace of Unpleasantness {drain, Int+5}
 34251 | Elf:3    | Reached skill level 22 in Maces & Flails
 34530 | Elf:3    | Identified the Grimoire of the Voyage
 34532 | Elf:3    | Identified the Catalogue of Displaced Poisoning
 34587 | Elf:3    | Identified the Volume of the Helpful Volcanoes
 34588 | Elf:3    | Found the +10 Black Knight's horse barding {ponderous,
                  | rPois rN+}
 34688 | Elf:3    | Found Raqyor's Jewellery Shoppe.
 35444 | Lair:1   | Lost mutation: Your flesh is heat resistant. (rF+) [potion
                  | of mutation]
 35444 | Lair:1   | Lost mutation: Scrolls take you a little longer to read.
                  | [potion of mutation]
 35444 | Lair:1   | Gained mutation: You have large cloven feet. [potion of
                  | mutation]
 35444 | Lair:1   | Gained mutation: You have hoof-like feet. [potion of
                  | mutation]
 35521 | Swamp:1  | Entered Level 1 of the Swamp
 35527 | Swamp:1  | Reached XP level 18. HP: 168/168 MP: 22/22
 36313 | Swamp:2  | Received a gift from Okawaru
 36847 | Swamp:3  | Noticed Aizul
 36859 | Swamp:3  | Killed Aizul
 37423 | Swamp:4  | Entered Level 4 of the Swamp
 38420 | Swamp:4  | Reached skill level 23 in Maces & Flails
 38432 | Swamp:3  | Received a gift from Okawaru
 38439 | Swamp:3  | Got a crude ring mail {god gift}
 38444 | Swamp:3  | Identified the +3 ring mail "Qustrostri" {rPois MR- Str+4
                  | Int+6} (Okawaru gifted it to you on level 3 of the Swamp)
 39114 | Swamp:4  | Got a decaying rune of Zot
 39503 | Snake:1  | Entered Level 1 of the Snake Pit
 39866 | Snake:1  | Reached XP level 19. HP: 177/177 MP: 23/23
 41041 | Snake:2  | Found Naxkox's Distillery.
 41663 | Snake:3  | Found a runed translucent door.
 41663 | Snake:3  | Found a shimmering altar of Xom.
 41663 | Snake:3  | Noticed Peloso's ghost (adept MiFi)
 41668 | Snake:3  | Found the +9 scales of the Dragon King {rPois rF+ rC+ MR+}
 41677 | Snake:3  | Received a gift from Okawaru
 42629 | Snake:3  | Killed Peloso's ghost
 42740 | Snake:4  | Entered Level 4 of the Snake Pit
 42746 | Snake:4  | Got a crystal mace
 42747 | Snake:4  | Identified the +6 mace of Bloody Death {crush, *Noise +Inv
                  | rElec MR+} (You found it on level 4 of the Snake Pit)
 42869 | Snake:4  | Noticed Asterion
 42891 | Snake:4  | Killed Asterion
 43140 | Snake:4  | Reached skill level 24 in Maces & Flails
 44018 | Snake:4  | Received a gift from Okawaru
 44019 | Snake:4  | Found the +7 sceptre of Torment {pain, torment}
 44069 | Snake:4  | Reached XP level 20. HP: 106/189 MP: 24/24
 45127 | Snake:4  | Got a serpentine rune of Zot
 45865 | Vaults:1 | Entered Level 1 of the Vaults
 45926 | Vaults:1 | Received a gift from Okawaru
 46374 | Vaults:1 | Reached skill level 25 in Maces & Flails
 47173 | Vaults:2 | Received a gift from Okawaru
 47263 | Vaults:2 | Found a staircase to the Crypt.
 47263 | Vaults:2 | Found an ancient bone altar of Kikubaaqudgha.
 47264 | Vaults:2 | Found a basalt altar of Yredelemnul.
 48269 | Vaults:3 | Noticed Mennas
 48290 | Vaults:3 | Killed Mennas
 48290 | Vaults:3 | Reached XP level 21. HP: 196/198 MP: 25/25
 48651 | Vaults:3 | Received a gift from Okawaru
 48654 | Vaults:3 | Got a faintly glowing demon whip {god gift}
 48678 | Vaults:3 | Identified the +0 demon whip "Vahiamopn" {pain, rN+ MR+
                  | Dex-4 SInv} (Okawaru gifted it to you on level 3 of the
                  | Vaults)
 48868 | Vaults:3 | Found a runed translucent door.
 48870 | Vaults:3 | Noticed HilariousDeathArtist's ghost (adept CeWn)
 49360 | Vaults:3 | Killed HilariousDeathArtist's ghost
 49512 | Vaults:4 | Found Rujaf's Food Shop.
 49515 | Vaults:4 | Found Xuxusef's Magic Scroll Shop.
 49663 | Vaults:4 | Received a gift from Okawaru
 49666 | Vaults:4 | Reached skill level 26 in Maces & Flails
 50255 | Vaults:4 | Received a gift from Okawaru
 51312 | Vaults:5 | Entered Level 5 of the Vaults
 51347 | Vaults:5 | Reached XP level 22. HP: 164/209 MP: 26/26
 51366 | Vaults:5 | Noticed a golden dragon
 51678 | Vaults:5 | Killed a golden dragon
 51685 | Vaults:5 | Received a gift from Okawaru
 51707 | Vaults:5 | Reached skill level 27 in Maces & Flails
 52365 | Vaults:5 | HP: 7/211 [tentacled monstrosity (6)]
 52373 | Vaults:4 | HP: 4/211 [tentacled monstrosity (9)]
 52373 | Vaults:4 | Slain by a two-headed ogre

Skill      XL: |  1  2  3  4  5  6  7  8  9 10 11 12 13 14 15 16 17 18 19 20 21 22 |
---------------+-------------------------------------------------------------------+-----
Maces & Flails | 3 4 5 6 7 8 9 11 13 14 16 18 19 20 22 23 24 25 26 27 | 27.0
Armour         | 4 5 7 8 9 10 12 13 14 15 16 17 18 19 20 | 20.8
Fighting       | 4 5 6 8 9 10 12 13 14 15 16 17 18 19 20 | 20.7
Shields        | 4 5 7 8 9 10 12 13 14 15 16 17 18 19 20 | 20.7
Invocations    | 1 7 |  7.0
Evocations     | 1 6 7 |  7.0

Action                   |  1- 3 |  4- 6 |  7- 9 | 10-12 | 13-15 | 16-18 | 19-21 | 22-24 || total
-------------------------+-------+-------+-------+-------+-------+-------+-------+-------++-------
Melee: Flail             |    42 |    64 |    54 |       |       |       |       |       ||   160
       Headbutt          |     4 |    63 |    59 |   128 |   333 |   412 |   476 |    26 ||  1501
       Club              |       |    55 |       |       |       |       |       |       ||    55
       Mace              |       |   122 |   293 |   563 |       |       |       |       ||   978
       Morningstar       |       |       |       |    50 |   705 |       |       |       ||   755
       Demon whip        |       |       |       |       |   611 |  1593 |   471 |       ||  2675
       Eveningstar       |       |       |       |       |       |       |   953 |    97 ||  1050
Invok: Heroism           |       |       |       |     5 |     9 |     9 |     8 |     2 ||    33
       Finesse           |       |       |       |     5 |     8 |     9 |     8 |     2 ||    32
 Abil: Evoke Invisibilit |       |       |       |       |       |     1 |     1 |       ||     2
Evoke: Wand              |       |       |       |     8 |     4 |     3 |     1 |       ||    16
  Use: Potion            |     1 |       |     3 |     5 |    14 |    11 |    18 |     7 ||    59
       Scroll            |       |       |    22 |     7 |    20 |    12 |    11 |     4 ||    76
 Stab: Confused          |       |       |       |       |     1 |       |       |       ||     1
       Paralysed         |       |       |       |       |     2 |       |       |       ||     2
       Invisible         |       |       |       |       |       |    13 |       |     1 ||    14
  Eat: Chunk             |       |     4 |    10 |     9 |    33 |    25 |    22 |       ||   103
       Ration            |       |     1 |     1 |     4 |     3 |     5 |     5 |     1 ||    20
Armor: Scale mail        |     8 |    41 |       |       |       |       |       |       ||    49
       Plate armour      |       |    28 |   132 |       |       |       |       |       ||   160
       Crystal plate arm |       |       |    63 |   328 |   590 |   523 |    52 |       ||  1556
       Gold dragon scale |       |       |       |       |       |       |   372 |   133 ||   505
Dodge: Dodged            |    10 |    32 |    33 |    71 |   194 |   145 |   129 |    65 ||   679
Block: Shield            |    12 |    95 |   226 |   407 |   943 |   351 |       |       ||  2034
       Reflection        |       |       |       |       |    69 |    63 |   207 |    22 ||   361
       Large shield      |       |       |       |       |       |   883 |  1649 |   339 ||  2871
